TOP OF THE 1ST |
Myrtle Beach Seahawks batting - Pitching for Niagara Falls Expos : LHP Mannus Dijkman
|
Pitching: LHP Mannus Dijkman
|
|
Batting: LHB Danny Trautmann
|
0-0: Ball 1-0: Fly out, F7 (Flyball, 78D)
|
Batting: RHB Francisco Moreno
|
0-0: Foul Ball, location: 2F 0-1: Ball 1-1: Foul Ball, location: 2F 1-2: Ball 2-2: Ball 3-2: Base on Balls
|
Batting: RHB Augusto Escobar
|
0-0: Ball Pickoff Throw by Catcher to First - Out! 1-0: Foul Ball, location: 2F 1-1: SINGLE (Groundball, 56S) (infield hit)
|
Batting: RHB Aquiles Morda
|
0-0: Reached on error, E6 (Groundball, 6S) Augusto Escobar to second
|
Batting: RHB Howard Lee
|
0-0: Ball 1-0: Swinging Strike 1-1: Ball 2-1: Called Strike 2-2: Ball 3-2: Foul Ball, location: 2F 3-2: Foul Ball, location: 2F 3-2: Strikes out swinging
|
Top of the 1st over - 0 runs, 1 hit, 1 error, 2 left on base; Myrtle Beach 0 - Niagara Falls 0 |
BOTTOM OF THE 1ST |
Niagara Falls Expos batting - Pitching for Myrtle Beach Seahawks : LHP Garrett Schaper
|
Pitching: LHP Garrett Schaper
|
|
Batting: RHB Ramón Soto
|
0-0: Ball 1-0: Called Strike 1-1: Ball 2-1: Called Strike 2-2: Strikes out looking
|
Batting: RHB Corey Dudding
|
0-0: Called Strike 0-1: DOUBLE (Line Drive, 9LD)
|
Batting: RHB Hou Kong
|
0-0: Ball 1-0: Hit by Pitch
|
Batting: RHB Fred Hulvey
|
0-0: Ball 1-0: Grounds into double play, 6-4-3 (Groundball, 6)
|
Bottom of the 1st over - 0 runs, 1 hit, 0 errors, 1 left on base; Myrtle Beach 0 - Niagara Falls 0 |
TOP OF THE 2ND |
Myrtle Beach Seahawks batting - Pitching for Niagara Falls Expos : LHP Mannus Dijkman
|
Batting: RHB Juan Mata
|
0-0: Called Strike 0-1: Ball 1-1: Foul Ball, location: 2F 1-2: Ball 2-2: Ball 3-2: Fly out, F8 (Flyball, 8RD)
|
Batting: LHB Peter Ough
|
0-0: Ball 1-0: SINGLE (Groundball, 34) (infield hit)
|
Batting: LHB Ijsbrand Erkelens
|
0-0: Called Strike 0-1: Ball 1-1: Ball 2-1: Fly out, F8 (Flyball, 8RS)
|
Batting: LHB Joo-young Yo
|
0-0: Ball 1-0: Called Strike 1-1: Ball 2-1: Foul Ball, location: 2F 2-2: Strikes out swinging
|
Top of the 2nd over - 0 runs, 1 hit, 0 errors, 1 left on base; Myrtle Beach 0 - Niagara Falls 0 |
BOTTOM OF THE 2ND |
Niagara Falls Expos batting - Pitching for Myrtle Beach Seahawks : LHP Garrett Schaper
|
Batting: RHB Bogumil Tiwontschik
|
0-0: Ground out 5-3 (Groundball, 56)
|
Batting: RHB Ramón Degollado
|
0-0: DOUBLE (Line Drive, 78M)
|
Batting: LHB Duk-yeo Chin
|
0-0: Ground out 4-3 (Groundball, 4S) Ramón Degollado to third
|
Batting: RHB Francisco Valentín
|
0-0: Called Strike 0-1: Ball 1-1: Ball 2-1: Ball 3-1: Ground out 3-1 (Groundball, 34)
|
Bottom of the 2nd over - 0 runs, 1 hit, 0 errors, 1 left on base; Myrtle Beach 0 - Niagara Falls 0 |
TOP OF THE 3RD |
Myrtle Beach Seahawks batting - Pitching for Niagara Falls Expos : LHP Mannus Dijkman
|
Batting: LHB Danny Trautmann
|
0-0: Ball 1-0: Ball 2-0: Called Strike 2-1: Swinging Strike 2-2: Fly out, F9 (Line Drive, 89D)
|
Batting: RHB Francisco Moreno
|
0-0: Called Strike 0-1: Ground out 4-3 (Groundball, 4)
|
Batting: RHB Augusto Escobar
|
0-0: Ball 1-0: Ball 2-0: Ball 3-0: Base on Balls
|
Batting: RHB Aquiles Morda
|
0-0: Ball 1-0: Called Strike 1-1: Foul Ball, location: 2F 1-2: Fielders Choice at 2nd, 5-4 (Groundball, 56)
|
Top of the 3rd over - 0 runs, 0 hits, 0 errors, 1 left on base; Myrtle Beach 0 - Niagara Falls 0 |
BOTTOM OF THE 3RD |
Niagara Falls Expos batting - Pitching for Myrtle Beach Seahawks : LHP Garrett Schaper
|
Batting: LHB Manuel Núñez
|
0-0: DOUBLE (Flyball, 89XD)
|
Batting: RHB Ramón Soto
|
0-0: Swinging Strike 0-1: Ball 1-1: Reached on error, E5 (Groundball, 5S) Manuel Núñez to third
|
Batting: RHB Corey Dudding
|
0-0: Ball 1-0: Ball 2-0: Foul Ball, location: 2F 2-1: Foul Ball, location: 2F 2-2: Ball 3-2: Strikes out swinging
|
Batting: RHB Hou Kong
|
0-0: Called Strike 0-1: Called Strike Ramón Soto steals 2nd base 0-2: SINGLE (Groundball, 56D) Manuel Núñez scores Ramón Soto to third Runner from 3rd tries for Home, SAFE, no throw
|
Batting: RHB Fred Hulvey
|
0-0: Ball 1-0: Ball 2-0: Swinging Strike 2-1: Swinging Strike 2-2: Ball 3-2: Strikes out swinging
|
Batting: RHB Bogumil Tiwontschik
|
0-0: 2-RUN HOME RUN (Flyball, 78XD), Distance : 427 ft
|
Batting: RHB Ramón Degollado
|
0-0: SINGLE (Line Drive, 78S)
|
Batting: LHB Duk-yeo Chin
|
0-0: Ball 1-0: Swinging Strike 1-1: Ball 2-1: Called Strike 2-2: Ball Wild Pitch! Ramón Degollado to second 3-2: Base on Balls
|
Batting: RHB Francisco Valentín
|
0-0: Ball 1-0: Ball 2-0: Fielders Choice at 2nd, 6-4 (Groundball, 6)
|
Bottom of the 3rd over - 4 runs, 4 hits, 1 error, 2 left on base; Myrtle Beach 0 - Niagara Falls 4 |
TOP OF THE 4TH |
Myrtle Beach Seahawks batting - Pitching for Niagara Falls Expos : LHP Mannus Dijkman
|
Batting: RHB Howard Lee
|
0-0: Ball 1-0: Ball 2-0: Called Strike 2-1: TRIPLE (Line Drive, 8LXD)
|
Batting: RHB Juan Mata
|
0-0: Ball 1-0: Called Strike 1-1: Swinging Strike 1-2: Foul Ball, location: 2F 1-2: Foul Ball, location: 2F 1-2: Ball 2-2: Fly out, F8 (Line Drive, 8LD) Runner from 3rd tags up, SCORES, throw made
|
Batting: LHB Peter Ough
|
0-0: Ground out 4-3 (Groundball, 34)
|
Batting: LHB Ijsbrand Erkelens
|
0-0: Called Strike 0-1: Ball 1-1: Ball 2-1: DOUBLE (Flyball, 78D)
|
Batting: LHB Joo-young Yo
|
0-0: Called Strike 0-1: Swinging Strike 0-2: Foul Ball, location: 2F 0-2: Ball 1-2: Ball 2-2: Ball 3-2: Ground out 4-3 (Groundball, 4)
|
Top of the 4th over - 1 run, 2 hits, 0 errors, 1 left on base; Myrtle Beach 1 - Niagara Falls 4 |
BOTTOM OF THE 4TH |
Niagara Falls Expos batting - Pitching for Myrtle Beach Seahawks : LHP Garrett Schaper
|
Batting: LHB Manuel Núñez
|
0-0: Ball 1-0: Fly out, F8 (Flyball, 8LM)
|
Batting: RHB Ramón Soto
|
0-0: Called Strike 0-1: Ball 1-1: Ball 2-1: Called Strike 2-2: Ball 3-2: Ground out 5-3 (Groundball, 56S)
|
Batting: RHB Corey Dudding
|
0-0: Foul Ball, location: 2F 0-1: Ball 1-1: Swinging Strike 1-2: Ground out 4-3 (Groundball, 4D)
|
Bottom of the 4th over - 0 runs, 0 hits, 0 errors, 0 left on base; Myrtle Beach 1 - Niagara Falls 4 |
TOP OF THE 5TH |
Myrtle Beach Seahawks batting - Pitching for Niagara Falls Expos : LHP Mannus Dijkman
|
Batting: LHB Danny Trautmann
|
0-0: Ball 1-0: Swinging Strike 1-1: Swinging Strike 1-2: Ball 2-2: Ball 3-2: Strikes out swinging
|
Batting: RHB Francisco Moreno
|
0-0: Called Strike 0-1: Foul Ball, location: 2F 0-2: Ball 1-2: SINGLE (Groundball, 6MD)
|
Batting: RHB Augusto Escobar
|
0-0: Ball 1-0: Ball 2-0: Called Strike 2-1: Swinging Strike 2-2: Strikes out swinging
|
Batting: RHB Aquiles Morda
|
0-0: Foul Ball, location: 2F 0-1: Swinging Strike 0-2: Strikes out looking
|
Top of the 5th over - 0 runs, 1 hit, 0 errors, 1 left on base; Myrtle Beach 1 - Niagara Falls 4 |
BOTTOM OF THE 5TH |
Niagara Falls Expos batting - Pitching for Myrtle Beach Seahawks : LHP Garrett Schaper
|
Batting: RHB Hou Kong
|
0-0: Ball 1-0: SINGLE (Flyball, 89S)
|
Batting: RHB Fred Hulvey
|
0-0: Called Strike 0-1: Fly out, F8 (Flyball, 8RD)
|
Batting: RHB Bogumil Tiwontschik
|
0-0: Foul Ball, location: 2F 0-1: Ball 1-1: Ball 2-1: Swinging Strike 2-2: Foul Ball, location: 2F 2-2: Foul Ball, location: 2F 2-2: Ball 3-2: Strikes out swinging
|
Batting: RHB Ramón Degollado
|
0-0: Ball 1-0: Fly out, F7 (Line Drive, 7)
|
Bottom of the 5th over - 0 runs, 1 hit, 0 errors, 1 left on base; Myrtle Beach 1 - Niagara Falls 4 |
TOP OF THE 6TH |
Myrtle Beach Seahawks batting - Pitching for Niagara Falls Expos : LHP Mannus Dijkman
|
Batting: RHB Howard Lee
|
0-0: Called Strike 0-1: Foul Ball, location: 2F 0-2: Ball 1-2: DOUBLE (Groundball, 5L)
|
Batting: RHB Juan Mata
|
0-0: Ball 1-0: Ground out 4-3 (Groundball, 4M) Howard Lee to third
|
Batting: LHB Peter Ough
|
0-0: Ground out 4-3 (Groundball, 4M)
|
Batting: LHB Ijsbrand Erkelens
|
0-0: Swinging Strike 0-1: Ball 1-1: Ball 2-1: Ball 3-1: Base on Balls
|
Batting: LHB Joo-young Yo
|
0-0: Ball 1-0: Ball 2-0: Ball 3-0: Called Strike 3-1: SINGLE (Flyball, 78S) Howard Lee scores Ijsbrand Erkelens to second
|
Batting: LHB Danny Trautmann
|
0-0: Foul Ball, location: 2F 0-1: Ball 1-1: Ball 2-1: Called Strike 2-2: Fielders Choice at 2nd, 5-4 (Groundball, 5)
|
Top of the 6th over - 1 run, 2 hits, 0 errors, 2 left on base; Myrtle Beach 2 - Niagara Falls 4 |
BOTTOM OF THE 6TH |
Niagara Falls Expos batting - Pitching for Myrtle Beach Seahawks : LHP Garrett Schaper
|
Batting: LHB Duk-yeo Chin
|
0-0: Ball 1-0: Ball 2-0: Ground out 6-3 (Groundball, 6)
|
Batting: RHB Francisco Valentín
|
0-0: Called Strike 0-1: Ball 1-1: Foul Ball, location: 2F 1-2: Foul Ball, location: 2F 1-2: Fly out, F8 (Flyball, 89D)
|
Pitching: RHP Sam Schultz
|
|
Batting: LHB Manuel Núñez
|
0-0: Ball 1-0: Fly out, F7 (Flyball, 7)
|
Bottom of the 6th over - 0 runs, 0 hits, 0 errors, 0 left on base; Myrtle Beach 2 - Niagara Falls 4 |
TOP OF THE 7TH |
Myrtle Beach Seahawks batting - Pitching for Niagara Falls Expos : LHP Mannus Dijkman
|
Batting: RHB Francisco Moreno
|
0-0: Ball 1-0: Ball 2-0: Ball 3-0: Called Strike 3-1: Ground out 5-3 (Groundball, 5)
|
Batting: RHB Augusto Escobar
|
0-0: Called Strike 0-1: Called Strike 0-2: Strikes out swinging
|
Batting: RHB Aquiles Morda
|
0-0: Ball 1-0: Swinging Strike 1-1: Ball 2-1: Ball 3-1: Ground out U3 (Groundball, 34S)
|
Top of the 7th over - 0 runs, 0 hits, 0 errors, 0 left on base; Myrtle Beach 2 - Niagara Falls 4 |
BOTTOM OF THE 7TH |
Niagara Falls Expos batting - Pitching for Myrtle Beach Seahawks : RHP Sam Schultz
|
Batting: RHB Ramón Soto
|
0-0: Ball 1-0: Foul Ball, location: 2F 1-1: Called Strike 1-2: Ground out 4-3 (Groundball, 4)
|
Batting: RHB Corey Dudding
|
0-0: Ball 1-0: Called Strike 1-1: Ball 2-1: SINGLE (Line Drive, 9LM)
|
Batting: RHB Hou Kong
|
0-0: Foul Ball, location: 2F 0-1: Ball 1-1: Foul Ball, location: 2F 1-2: Foul Ball, location: 2F 1-2: Grounds into double play, 6-4-3 (Groundball, 6)
|
Bottom of the 7th over - 0 runs, 1 hit, 0 errors, 0 left on base; Myrtle Beach 2 - Niagara Falls 4 |
TOP OF THE 8TH |
Myrtle Beach Seahawks batting - Pitching for Niagara Falls Expos : LHP Mannus Dijkman
|
Pitching: RHP Dao-zi Zhai
|
|
Batting: RHB Howard Lee
|
0-0: Ball 1-0: Ground out 1-3 (Groundball, 15S)
|
Batting: RHB Juan Mata
|
0-0: Foul Ball, location: 2F 0-1: Called Strike 0-2: Ball 1-2: Ball 2-2: Foul Ball, location: 2F 2-2: SINGLE (Flyball, 6MD)
|
Batting: LHB Peter Ough
|
0-0: Foul Ball, location: 2F 0-1: Foul Ball, location: 2F 0-2: Foul Ball, location: 2F 0-2: Fly out, F8 (Flyball, 8LM)
|
Batting: LHB Ijsbrand Erkelens
|
0-0: Called Strike 0-1: Ball 1-1: Ball 2-1: Called Strike 2-2: Fielders Choice at 2nd, 5-4 (Groundball, 56)
|
Top of the 8th over - 0 runs, 1 hit, 0 errors, 1 left on base; Myrtle Beach 2 - Niagara Falls 4 |
BOTTOM OF THE 8TH |
Niagara Falls Expos batting - Pitching for Myrtle Beach Seahawks : RHP Sam Schultz
|
Batting: RHB Fred Hulvey
|
0-0: Fly out, F8 (Flyball, 8LD)
|
Batting: RHB Bogumil Tiwontschik
|
0-0: Ball 1-0: Foul Ball, location: 2F 1-1: Called Strike 1-2: Strikes out swinging
|
Batting: RHB Ramón Degollado
|
0-0: Ball 1-0: Foul Ball, location: 2F 1-1: Ball 2-1: SINGLE (Groundball, 6MD)
|
Batting: LHB Duk-yeo Chin
|
0-0: Swinging Strike 0-1: Ball 1-1: Foul Ball, location: 2F 1-2: Strikes out looking
|
Bottom of the 8th over - 0 runs, 1 hit, 0 errors, 1 left on base; Myrtle Beach 2 - Niagara Falls 4 |
TOP OF THE 9TH |
Myrtle Beach Seahawks batting - Pitching for Niagara Falls Expos : RHP Dao-zi Zhai
|
Pitching: RHP Jefferson Suhendro
|
|
Batting: LHB Joo-young Yo
|
0-0: Ball 1-0: Ball 2-0: Foul Ball, location: 2F 2-1: Foul Ball, location: 2F 2-2: Ball 3-2: Strikes out swinging
|
Batting: LHB Danny Trautmann
|
0-0: Ball 1-0: Foul Ball, location: 2F 1-1: Foul Ball, location: 2F 1-2: SINGLE (Groundball, 56D)
|
Batting: RHB Francisco Moreno
|
0-0: Swinging Strike 0-1: Called Strike 0-2: Foul Ball, location: 2F 0-2: Ball 1-2: Ball 2-2: Strikes out swinging
|
Batting: RHB Augusto Escobar
|
0-0: Foul Ball, location: 2F 0-1: Ball 1-1: Ball 2-1: Swinging Strike 2-2: Ball 3-2: Strikes out swinging
|
Top of the 9th over - 0 runs, 1 hit, 0 errors, 1 left on base; Myrtle Beach 2 - Niagara Falls 4 |
|